 Dungeon Sprint DCSS version 0.30-a0-996-ga6910c8ee8 (webtiles) character file.

Game seed: 2318971187974933008

127 fozzywoppz the Sneak (level 5, 0/37 HPs)
             Began as an Octopode Hedge Wizard on Apr 4, 2023.
             Was a Believer of Wu Jian.
             Slain by a fire bat (8 damage)
             ... in the Dungeon (Sprint VII: "The Pits").
             The game lasted 00:02:51 (126 turns).

fozzywoppz the Sneak (Octopode Hedge Wizard)         Turns: 126, Time: 00:02:51

Health: 0/37       AC:  1    Str: 11    XL:     5   Next: 11%
Magic:  7/11       EV: 14    Int: 17    God:    Wu Jian [**....]
Gold:   0          SH:  0    Dex: 11    Spells: 7/12 levels left

rFire   . . .      SeeInvis .    l - +2 dagger (drain)
rCold   . . .      Faith    .    (no shield)
rNeg    . . .      Spirit   .    b - +0 hat
rPois   .          Reflect  .    (no amulet)
rElec   .          Rampage  .    (no ring)
rCorr   .          NoTele   +    (no ring)
Will    .....                    (no ring)
Stlth   ++++                     (no ring)
HPRegen 0.26/turn                (no ring)
MPRegen 0.12/turn                (no ring)
                                 (no ring)
                                 (no ring)

@: no status effects
A: almost no armour, amphibious, 8 rings, camouflage 1, gelatinous body 1,
(nimble swimmer 1), tentacles
a: Renounce Religion, Wall Jump


You were in the Dungeon.
You worshipped Wu Jian.
Wu Jian was pleased with you.
You visited 1 branch

Inventory:

Hand Weapons
 a - a +0 dagger
 l - a +2 dagger of draining (weapon)
Armour
 b - a +0 hat (worn)
Scrolls
 h - a scroll of blinking
 j - 5 scrolls of amnesia
 k - a scroll of butterflies
Potions
 c - 5 potions of magic
 f - a potion of haste
 g - 3 potions of berserk rage
 i - 2 potions of invisibility


   Skills:
 + Level 3.7 Fighting
 + Level 0.7 Short Blades
 + Level 4.3 Dodging
 + Level 7.4 Stealth
 - Level 4.0 Spellcasting
 + Level 3.8 Conjurations
 - Level 3.0 Summonings
 + Level 2.1 Translocations


You had 7 spell levels left.
You knew the following spells:

 Your Spells              Type           Power      Damage    Failure   Level
a - Magic Dart            Conj           64%        1d6       3%          1
b - Call Imp              Summ           13%        N/A       7%          2
c - Blink                 Tloc           20%        N/A       10%         2

Your spell library contained the following spells:

 Spells                   Type           Power      Damage    Failure   Level
 Slow                     Hex            12%        N/A       16%         1
 Cigotuvi's Dreadful Rot  Necr/Pois/Air  6%         N/A       24%         2
 Mephitic Cloud           Conj/Pois/Air  7%         N/A       28%         3


Dungeon Overview and Level Annotations

Branches:
Dungeon (1/1)

Altars:
Ashenzari
Cheibriados
Dithmenos
Elyvilon
Fedhas
Gozag
Hepliaklqana
Kikubaaqudgha
Makhleb
Nemelex Xobeh
Okawaru
Qazlal
Ru
Sif Muna
Trog
Uskayaw
Vehumet
Wu Jian
Xom
Yredelemnul
Zin
The Shining One
Jiyva
Lugonu


Innate Abilities, Weirdness & Mutations

You cannot wear most types of armour.
You are amphibious.
You can wear up to eight rings at the same time.
Your skin changes colour to match your surroundings (Stealth+).
Your rubbery body absorbs attacks. (AC +1, EV +1)
((You are camouflaged when in or above water. (Stealth+)))
You have tentacles for arms and can constrict up to eight enemies at once.


Message History

What are your orders? t - Shout!
Orders for allies: a - Attack new target. p - Attack previous target. r - Retreat! s - Stop attacking. g - Guard the area. f - Follow me.
Anything else - Cancel.
Gang up on whom?
Press: ? - help, Dir - move target, f/p - fire bat
Aim: a fire bat (heavily wounded, not watching you, ally target) Attack!
The fire bat barely misses your white imp.
You closely miss the fire bat. You grab the fire bat.
The fire bat is heavily wounded.
You constrict the fire bat. The fire bat bites you.
You are engulfed in flames.
* * * LOW HITPOINT WARNING * * *
The fire bat barely misses your white imp.
The fire bat struggles to escape constriction.
Your white imp hits the fire bat.
Your white imp freezes the fire bat.
The fire bat is frozen!
What are your orders? t - Shout!
Orders for allies: a - Attack new target. p - Attack previous target. r - Retreat! s - Stop attacking. g - Guard the area. f - Follow me.
Anything else - Cancel.
Gang up on whom?
Press: ? - help, Dir - move target, f/p - fire bat
Aim: a fire bat (almost dead, constricted by you, ally target)
Okay, then.
You hit the fire bat.
The fire bat is almost dead.
You constrict the fire bat. The fire bat bites you.
* * * LOW HITPOINT WARNING * * *
You are engulfed in flames.
* * * LOW HITPOINT WARNING * * *
The fire bat escapes!
The fire bat misses you.
You feel better. The fire bat bites you.
* * * LOW HITPOINT WARNING * * *
You are engulfed in flames!
You die...

+#####'#####......#..
#.)...##.........
#####'#####'#####
#...).##.......#
#.....##.......#
###'####.......#
##+#....†##...<...#
#..b5..).##.......#
#..@.....##.......#
###########.......#
#########


You could see a fire bat (ally target) and a friendly white imp (summoned).

Vanquished Creatures
  A floating eye (D)
  2 gnolls (D)
  An adder skeleton (D)
  An endoplasm (D)
  2 hobgoblins (D)
  A goblin (D)
8 creatures vanquished.

Notes
Turn   | Place    | Note
-------+----------+-------------------------------------------
     0 | D        | fozzywoppz the Octopode Hedge Wizard began the quest for
                  | the Orb.
     0 | D        | Reached XP level 1. HP: 11/11 MP: 4/4
    15 | D        | Found a bloodstained altar of Trog.
    15 | D        | Found a shimmering blue altar of Sif Muna.
    15 | D        | Found a viscous altar of Jiyva.
    15 | D        | Found a hazy altar of Hepliaklqana.
    15 | D        | Found an opulent altar of Gozag.
    16 | D        | Found a glowing golden altar of the Shining One.
    16 | D        | Found a glowing silver altar of Zin.
    16 | D        | Found a basalt altar of Yredelemnul.
    16 | D        | Found a shimmering altar of Xom.
    16 | D        | Found an ornate altar of the Wu Jian Council.
    16 | D        | Found a sacrificial altar of Ru.
    16 | D        | Found a stormy altar of Qazlal.
    16 | D        | Found an iron altar of Okawaru.
    16 | D        | Found a sparkling altar of Nemelex Xobeh.
    16 | D        | Found a burning altar of Makhleb.
    16 | D        | Found a blossoming altar of Fedhas.
    16 | D        | Found a white marble altar of Elyvilon.
    16 | D        | Found a shadowy altar of Dithmenos.
    16 | D        | Found a snail-covered altar of Cheibriados.
    17 | D        | Found a radiant altar of Vehumet.
    17 | D        | Found a corrupted altar of Lugonu.
    18 | D        | Found a hide-covered altar of Uskayaw.
    18 | D        | Found an ancient bone altar of Kikubaaqudgha.
    18 | D        | Found a broken altar of Ashenzari.
    32 | D        | Became a worshipper of the Wu Jian Council
    68 | D        | Reached skill level 3 in Stealth
    74 | D        | Reached skill level 1 in Fighting
    89 | D        | Noticed a floating eye
    92 | D        | Reached * piety under Wu Jian
    93 | D        | Reached XP level 2. HP: 18/18 MP: 6/6
    96 | D        | Killed a floating eye
    97 | D        | Reached skill level 7 in Stealth
    97 | D        | Reached XP level 3. HP: 26/26 MP: 6/8
    97 | D        | Reached XP level 4. HP: 31/31 MP: 7/10
   101 | D        | Learned a level 2 spell: Call Imp
   104 | D        | Learned a level 2 spell: Blink
   106 | D        | Noticed a fire bat
   110 | D        | Reached XP level 5. HP: 25/36 MP: 8/11
   113 | D        | Reached ** piety under Wu Jian
   125 | D        | HP: 1/37 [fire bat (6)]
   126 | D        | Slain by a fire bat

Illustrated notes

Levels and vault maps discovered:
D:        pitsprint [storerooms_1, entrance_room_1, metal_vault_7, armoury_2,
          mini_pit_1, grid_room_1, main_hall_1, silver_pit, the_coven_1,
          the_vestibule_1, steel_vault_3, golden_pit, hallway_of_sentries,
          crystal_vault_5, iron_vault_5, final_vault]

Skill      XL: |  1  2 |
---------------+-------+-----
Stealth        | 3 7 |  7.4
Fighting       | 1 3 |  3.7
Conjurations   | 2 3 |  3.8
Summonings     | 2 3 |  3.0
Translocations | 2 |  2.1
Dodging        | 4 |  4.3
Spellcasting   | 4 |  4.0
Short Blades   | |  0.7

Action                     |  1- 3 |  4- 6 || total
---------------------------+-------+-------++-------
  Melee: Dagger            |    12 |     9 ||    21
         Tentacles         |     4 |     2 ||     6
         Constrict         |     3 |     3 ||     6
   Cast: Magic Dart        |       |     1 ||     1
         Call Imp          |       |     1 ||     1
Ability: Lunge             |       |     1 ||     1
    Use: Potion            |       |     2 ||     2
   Stab: Sleeping          |     3 |     1 ||     4
  Dodge: Dodged            |     5 |    12 ||    17

Table legend: (Time is in decaauts)
 A = Elapsed time spent in this place.
 B = Non-inter-level travel time spent in this place.
 C = Inter-level travel time spent in this place.
 D = Time resting spent in this place.
 E = Time spent auto-exploring this place.
 F = Levels seen in this place.
 G = Mean time per level.
                   A        B        C        D        E       F      G
               +--------+--------+--------+--------+--------+-----+--------+
         Total |    125 |    125 |      0 |      9 |      0 |   1 |  125.0 |
       Dungeon |    125 |    125 |      0 |      9 |      0 |   1 |  125.0 |
               +--------+--------+--------+--------+--------+-----+--------+

Top non-repeatable levels by time:
       D: 125 daAuts
